 Dungeon Crawl Stone Soup version 0.22.0-60-ga52c2fcf6e (webtiles) character file.

135 JedernureinKreuz the Conjurer (level 5, -6/37 HPs)
             Began as a Gnoll Conjurer on Sept 9, 2018.
             Splashed by a jelly's acid (11 damage)
             ... on level 2 of the Dungeon.
             The game lasted 00:07:38 (1222 turns).

JedernureinKreuz the Conjurer (Gnoll Conjurer)      Turns: 1222, Time: 00:07:39

Health: -6/37      AC: -4    Str: 10    XL:     5   Next: 18%
Magic:  10/12      EV: 14    Int: 18    God:
Gold:   91         SH:  0    Dex: 16    Spells: 13/14 levels left

rFire    . . .     SeeInvis .   h - +0 spear (flame)
rCold    . . .     Gourm    .   (no shield)
rNeg     . . .     Faith    .   f - +0 leather armour
rPois    .         Spirit   .   (no helmet)
rElec    .         Reflect  .   (no cloak)
rCorr    .         Harm     .   (no gloves)
MR       .....                  (no boots)
Stlth    +++.......             (no amulet)
HPRegen  0.12/turn              (no ring)
MPRegen  0.13/turn              (no ring)

@: corroded, very slightly contaminated
A: distributed training, fangs 1, strong nose
a: no special abilities


You were on level 2 of the Dungeon.
You were not hungry.

You visited 1 branch of the dungeon, and saw 2 of its levels.

You collected 91 gold pieces.

Inventory:

Hand Weapons
 b - a +0 short sword
 h - a +0 spear of flaming (weapon)
Missiles
 m - 38 arrows
 p - 50 stones (quivered)
 q - 13 bolts
 s - 7 needles of confusion
Armour
 a - a +0 robe
 f - a +0 leather armour (worn)
Jewellery
 o - a cursed ring of attention {unknown}
Scrolls
 e - a scroll of enchant weapon {unknown}
 i - 3 scrolls of identify {unknown}
 j - a scroll of remove curse {unknown}
 n - 2 scrolls of fear {unknown}
Potions
 g - 2 potions of curing {unknown}
 k - a potion of heal wounds {unknown}
 l - 3 potions of haste {unknown}
 r - a potion of invisibility {unknown}
Comestibles
 c - 4 rations
 d - 3 chunks of flesh


   Skills:
 + Level 1.3 Fighting
 + Level 1.3 Short Blades
 + Level 1.3 Long Blades
 + Level 1.3 Axes
 + Level 1.3 Maces & Flails
 + Level 1.3 Polearms
 + Level 1.3 Staves
 + Level 1.3 Slings
 + Level 1.3 Bows
 + Level 1.3 Crossbows
 + Level 1.3 Throwing
 + Level 1.3 Armour
 + Level 4.7 Dodging
 + Level 4.3 Stealth
 + Level 1.3 Shields
 + Level 1.3 Unarmed Combat
 + Level 5.1 Spellcasting
 + Level 7.1 Conjurations
 + Level 1.1 Hexes
 + Level 1.1 Charms
 + Level 1.1 Summonings
 + Level 1.1 Necromancy
 + Level 1.1 Translocations
 + Level 1.1 Transmutations
 + Level 1.1 Fire Magic
 + Level 1.1 Ice Magic
 + Level 1.1 Air Magic
 + Level 1.1 Earth Magic
 + Level 1.1 Poison Magic
 + Level 1.5 Invocations
 + Level 1.3 Evocations


You had 13 spell levels left.
You knew the following spells:

 Your Spells              Type           Power        Failure   Level  Hunger
a - Magic Dart            Conj           ####         1%          1    None

Your spell library contained the following spells:

 Spells                   Type           Power        Failure   Level  Hunger
 Searing Ray              Conj           ####..       1%          2    #......
 Iskenderun's Mystic Bla  Conj           ####....     9%          4    ####...
 Dazzling Spray           Conj/Hex       ###...       10%         3    ##.....
 Force Lance              Conj/Tloc      ###.....     30%         4    ####...
 Fulminant Prism          Conj/Hex       ###.......   30%         4    ####...


Dungeon Overview and Level Annotations

Branches:
Dungeon (2/15)

Altars:
Xom


Innate Abilities, Weirdness & Mutations

Your experience applies equally to all skills.
You have very sharp teeth.
Your uncanny sense of smell can sniff out nearby items.


Message History

* * * LOW HITPOINT WARNING * * *
Casting: Magic Dart (safe; 1% risk of failure)
Confirm with . or Enter, or press ? or * to list all spells.
Aiming: Magic Dart (safe; 1% risk of failure)
Press: ? - help, Shift-Dir - straight line, f - jelly
Aim: a jelly (heavily wounded)
The magic dart hits the jelly.
The jelly is almost dead.
The jelly closely misses you.
Casting: Magic Dart (safe; 1% risk of failure)
Confirm with . or Enter, or press ? or * to list all spells.
Aiming: Magic Dart (safe; 1% risk of failure)
Press: ? - help, Shift-Dir - straight line, f/p - jelly
Aim: a jelly (almost dead)
You miscast Magic Dart.
You are very lightly contaminated with residual magic.
Strange energies run through your body. The jelly hits you.
* * * LOW HITPOINT WARNING * * *
You are splashed with acid!
The acid burns!
You die...

...# ...# ...#
...# ...#
...## ...>#
############
.#..#
##.)........#
....##
#..######@..#
###..#
#.##..+.J...#
##.#
#.#...###...#
#.###.#...#
#...#
####.....#._.+
+...#
....#....#...#
#...#
###......#...#
#...#
##.#.####..+
+...# #.#.#
####


You could see a jelly.

Vanquished Creatures
  An iguana (D:2)
  An adder (D:2)
  4 gnolls
  2 oozes
  A worm (D:2)
  4 leopard geckos
  2 ball pythons
  8 bats
  A giant cockroach (D:1)
  6 goblins
  7 hobgoblins
  A jackal (D:2)
  5 kobolds
  4 frilled lizards
  3 rats
50 creatures vanquished.

Notes
Turn   | Place    | Note
-------+----------+-------------------------------------------
     0 | D:1      | JedernureinKreuz the Gnoll Conjurer began the quest for the
                  | Orb.
     0 | D:1      | Reached XP level 1. HP: 13/13 MP: 6/6
    47 | D:1      | Reached XP level 2. HP: 18/19 MP: 0/7
   213 | D:1      | Reached XP level 3. HP: 19/25 MP: 9/9
   241 | D:1      | Reached skill level 5 in Spellcasting
   314 | D:1      | Reached skill level 1 in Invocations
   711 | D:2      | Reached skill level 1 in Fighting
   711 | D:2      | Reached skill level 1 in Short Blades
   711 | D:2      | Reached skill level 1 in Long Blades
   711 | D:2      | Reached skill level 1 in Axes
   711 | D:2      | Reached skill level 1 in Maces & Flails
   711 | D:2      | Reached skill level 1 in Polearms
   711 | D:2      | Reached skill level 1 in Staves
   711 | D:2      | Reached skill level 1 in Slings
   711 | D:2      | Reached skill level 1 in Bows
   711 | D:2      | Reached skill level 1 in Crossbows
   711 | D:2      | Reached skill level 1 in Throwing
   711 | D:2      | Reached skill level 1 in Armour
   711 | D:2      | Reached skill level 1 in Shields
   711 | D:2      | Reached skill level 1 in Unarmed Combat
   711 | D:2      | Reached skill level 1 in Evocations
   804 | D:2      | Reached XP level 4. HP: 32/32 MP: 1/11
   852 | D:2      | Found a shimmering altar of Xom.
   911 | D:2      | Reached skill level 1 in Hexes
   911 | D:2      | Reached skill level 1 in Charms
   911 | D:2      | Reached skill level 1 in Summonings
   911 | D:2      | Reached skill level 1 in Necromancy
   911 | D:2      | Reached skill level 1 in Translocations
   911 | D:2      | Reached skill level 1 in Transmutations
   911 | D:2      | Reached skill level 1 in Fire Magic
   911 | D:2      | Reached skill level 1 in Ice Magic
   911 | D:2      | Reached skill level 1 in Air Magic
   911 | D:2      | Reached skill level 1 in Earth Magic
   911 | D:2      | Reached skill level 1 in Poison Magic
  1093 | D:2      | Reached XP level 5. HP: 26/37 MP: 10/12
  1222 | D:2      | Splashed by a jelly's acid

Skill      XL: |  1  2  3  4 |
---------------+-------------+-----
Spellcasting   | 5 |  5.1
Invocations    | 1 |  1.5
Fighting       | 1 |  1.3
Short Blades   | 1 |  1.3
Long Blades    | 1 |  1.3
Axes           | 1 |  1.3
Maces & Flails | 1 |  1.3
Polearms       | 1 |  1.3
Staves         | 1 |  1.3
Slings         | 1 |  1.3
Bows           | 1 |  1.3
Crossbows      | 1 |  1.3
Throwing       | 1 |  1.3
Armour         | 1 |  1.3
Shields        | 1 |  1.3
Unarmed Combat | 1 |  1.3
Evocations     | 1 |  1.3
Hexes          | 1 |  1.1
Charms         | 1 |  1.1
Summonings     | 1 |  1.1
Necromancy     | 1 |  1.1
Translocations | 1 |  1.1
Transmutations | 1 |  1.1
Fire Magic     | 1 |  1.1
Ice Magic      | 1 |  1.1
Air Magic      | 1 |  1.1
Earth Magic    | 1 |  1.1
Poison Magic   | 1 |  1.1
Dodging        | |  4.7
Stealth        | |  4.3
Conjurations   | |  7.1

Action                   |  1- 3 |  4- 6 || total
-------------------------+-------+-------++-------
Melee: Short sword       |     4 |       ||     4
       Spear             |    22 |    41 ||    63
       Bite              |     1 |     6 ||     7
 Cast: Magic Dart        |    52 |    22 ||    74
 Stab: Sleeping          |     5 |     1 ||     6
  Eat: Chunk             |       |     1 ||     1
Armor: Robe              |     2 |       ||     2
       Leather armour    |    12 |     2 ||    14
Dodge: Dodged            |    27 |    33 ||    60
